Map: Pendiente de Agustín EE

Players

TATORREA - Winner!

  • Race: Protoss Protoss
  • League: Gold
  • Spawn Location: 6:00

tigro - Winner!

  • Race: Terran Terran
  • League: Bronze
  • Spawn Location: 6:00

MrFercho - Winner!

  • Race: Zerg Zerg
  • League: Silver
  • Spawn Location: 5:00

bjerb

  • Race: Protoss Protoss
  • League: Platinum
  • Spawn Location: 12:00

prknje

  • Race: Protoss Protoss
  • Spawn Location: 12:00

Kerrze

  • Race: Terran Terran
  • Spawn Location: 11:00

VOD

Have the link to the VOD?

Description

Time

  • Played on: June 30, 2020, 10:16 p.m.
  • Length: 15:26
Show
View Real Time Build Order
Export as new Build Order

TATORREA Protoss - Winner!

Build Orders:  

Get SALT Encoding   

  12  0:01  Probe  
  13  0:13  Probe  
  14  0:25  Probe, Pylon  
  15  0:43  Probe  
  15  0:44  Gateway  
  16  0:55  Probe  
  17  1:07  Probe  
  18  1:12  Assimilator  
  18  1:17  Probe, Pylon  
  18  1:25  Probe  
  20  1:34  Probe  
  20  1:39  Cybernetics Core  
  21  1:40  Gateway  
  21  1:42  Gateway  
  21  1:46  Probe  
  22  2:11  Nexus  
  22  2:20  Probe  
  23  2:24  Assimilator  
  23  2:29  Warp Gate  
  23  2:33  Probe  
  24  2:45  Probe  
  25  2:53  Robotics Facility  
  25  2:57  Probe  
  26  3:08  Probe  
  27  3:12  Nexus  
  27  3:16  Probe  
  27  3:25  Stalker  
  30  3:31  Stalker  
  32  3:39  Stalker  
  32  3:41  Probe  
  35  3:43  Probe  
  36  3:53  Probe  
  36  3:55  Probe  
  38  4:05  Probe  
  38  4:07  Probe, Immortal  
  44  4:17  Probe  
  44  4:19  Probe  
  44  4:24  Pylon  
  46  4:27  Pylon  
  46  4:31  Probe x2, Pylon  
  48  4:32  Probe  
  48  4:37  Assimilator  
  49  4:43  Probe x2  
  51  4:46  Probe, Assimilator  
  51  4:47  Observer  
  51  4:50  Sentry x2  
  51  4:51  Sentry  
  59  4:55  Probe x2  
  59  4:59  Probe  
  62  5:07  Probe x2  
  62  5:11  Probe, Immortal  
  69  5:19  Probe x2  
  71  5:23  Probe  
  71  5:26  Pylon  
  72  5:29  Pylon  
  72  5:31  Probe x2  
  72  5:32  Pylon  
  72  5:35  Probe  
  75  5:43  Probe  
  75  5:44  Probe  
  75  5:46  Pylon  
  75  5:47  Probe  
  75  5:49  Pylon  
  78  6:01  Pylon  
  78  6:02  Probe x3  
  81  6:04  Pylon  
  81  6:07  Stalker x3  
  87  6:14  Probe x3  
  87  6:16  Assimilator  
  90  6:19  Assimilator  
  90  6:21  Forge  
  90  6:23  Forge  
  90  6:25  Forge  
  90  6:28  Probe x3  
  93  6:40  Probe x3  
  93  6:42  Stalker  
  93  6:43  Stalker x2  
  102  6:47  Immortal  
  106  7:08  Photon Cannon  
  106  7:09  Photon Cannon  
  106  7:12  Photon Cannon  
  106  7:14  Photon Cannon  
  106  7:16  Photon Cannon  
  106  7:19  Photon Cannon  
  106  7:21  Photon Cannon  
  106  7:22  Shield Battery, Photon Cannon  
  106  7:25  Shield Battery  
  106  7:26  Shield Battery  
  106  7:27  Observer  
  107  7:31  Shield Battery  
  107  7:34  Probe  
  107  7:35  Probe x2  
  110  7:40  Stalker x2  
  110  7:41  Stalker  
  116  7:58  Probe x3, Nexus  
  119  8:09  Gateway  
  119  8:10  Probe x2, Gateway  
  119  8:12  Gateway  
  121  8:13  Gateway  
  121  8:16  Gateway, Protoss Ground Weapons Level 1  
  121  8:17  Gateway, Protoss Ground Armor Level 1  
  121  8:18  Protoss Shields Level 1  
  121  8:19  Probe  
  122  8:20  Pylon  
  122  8:21  Pylon  
  122  8:22  Probe  
  122  8:23  Probe, Pylon  
  124  8:27  Stalker x3, Pylon  
  124  8:31  Probe  
  131  8:34  Probe  
  132  8:56  Robotics Bay  
  132  9:03  Twilight Council  
  132  9:06  Stalker  
  132  9:07  Stalker x2  
  138  9:16  Assimilator  
  138  9:18  Assimilator  
  138  9:29  Stalker x2, Nexus  
  138  9:30  Stalker x4  
  138  9:31  Stalker  
  152  9:32  Pylon  
  152  9:36  Pylon  
  152  9:44  Extended Thermal Lance  
  152  9:45  Colossus  
  152  9:52  Stalker x3  
  156  9:53  Stalker x2  
  156  9:54  Stalker x2  
  156  9:55  Stalker x2  
  176  10:18  Protoss Ground Armor Level 2  
  176  10:19  Protoss Shields Level 2  
  176  10:22  Stalker x4  
  176  10:23  Stalker x3  
  176  10:24  Stalker x2  
  194  10:28  Protoss Ground Weapons Level 2  
  194  10:31  Colossus  
  194  10:35  Blink  
  200  10:43  Assimilator x2  
  162  11:56  Stalker  
  162  11:57  Stalker x4  
  162  11:58  Stalker x4  
  160  12:10  Gateway  
  160  12:12  Gateway  
  160  12:14  Colossus, Gateway  
  164  12:16  Gateway  
  164  12:18  Gateway  
  164  12:20  Gateway  
  164  12:24  Gateway  
  164  12:26  Gateway  
  164  12:29  Gateway  
  164  12:32  Gateway  
  164  12:34  Gateway  
  164  12:36  Gateway  
  162  12:41  Stalker x4  
  162  12:42  Stalker x4  
  162  12:43  Stalker  
  174  13:02  Colossus  
  174  13:08  Templar Archives  
  180  13:17  Stalker  
  180  13:18  Stalker x3  
  180  13:19  Stalker x5  
  198  13:20  Stalker  
  198  13:21  Stalker  
  188  13:55  Stalker  
  188  13:56  Stalker x4, Observer  
Show
View Real Time Build Order
Export as new Build Order

tigro Terran - Winner!

Build Orders:  

Get SALT Encoding   

  12  0:02  SCV  
  13  0:14  SCV  
  14  0:26  SCV  
  14  0:28  Supply Depot  
  15  0:36  Refinery  
  15  0:49  SCV  
  16  0:55  Barracks  
  16  1:01  Refinery  
  16  1:02  SCV  
  17  1:14  SCV  
  18  1:23  Supply Depot  
  18  1:26  SCV  
  19  1:38  SCV  
  20  1:43  Marine  
  21  1:50  SCV  
  22  2:01  Marine  
  22  2:02  Barracks  
  23  2:12  SCV  
  24  2:19  Marine  
  24  2:22  Engineering Bay  
  25  2:24  SCV  
  26  2:37  Marine  
  26  2:41  Orbital Command  
  27  2:49  Barracks Reactor  
  27  2:50  Factory  
  27  2:55  Marine  
  28  3:03  Terran Infantry Weapons Level 1  
  28  3:17  Barracks Tech Lab  
  28  3:39  Factory Tech Lab  
  28  3:45  Command Center, Marine x3  
  31  4:00  Siege Tank  
  34  4:02  Marine  
  34  4:03  Marine  
  34  4:04  Combat Shield  
  36  4:53  Starport  
  36  4:57  Terran Infantry Armor Level 1  
  36  4:59  Refinery  
  36  5:18  Missile Turret  
  36  5:23  Stimpack  
  36  5:26  SCV  
  37  5:30  Starport  
  37  5:38  SCV  
  37  5:39  Missile Turret  
  38  5:50  SCV, Medivac  
  41  6:01  Missile Turret  
  41  6:02  SCV  
  42  6:05  Refinery  
  42  6:07  Marine  
  43  6:12  Fusion Core  
  43  6:14  SCV  
  44  6:19  Medivac  
  46  6:26  SCV  
  46  6:27  Starport Tech Lab  
  46  6:32  Missile Turret  
  47  6:38  SCV  
  48  6:50  SCV, Starport Tech Lab  
  49  7:02  SCV  
  49  7:04  Armory  
  49  7:07  Weapon Refit  
  50  7:11  Hi-Sec Auto Tracking  
  50  7:15  SCV  
  51  7:27  SCV, Supply Depot  
  51  7:29  Marine x3  
  55  7:39  SCV  
  56  7:47  Marine x3  
  56  7:51  SCV  
  47  7:59  Supply Depot  
  47  8:04  Marine  
  47  8:05  Marine x2  
  48  8:08  Neosteel Armor  
  48  8:20  SCV  
  48  8:22  Marine  
  48  8:23  Supply Depot, Marine x2  
  52  8:30  Medivac  
  52  8:32  SCV  
  55  8:40  Marine x3  
  58  8:44  SCV  
  59  8:56  SCV  
  59  8:58  Marine x3  
  63  9:04  Battlecruiser  
  63  9:08  SCV  
  70  9:16  Command Center, Marine x3  
  73  9:26  Terran Vehicle Weapons Level 1  
  73  9:45  Planetary Fortress  
  73  9:47  Terran Infantry Weapons Level 2  
  73  9:52  Marine x3  
  76  9:57  Medivac  
  78  10:09  Marine  
  78  10:10  Marine x2  
  58  10:24  Siege Tank  
  58  10:27  Marine  
  58  10:28  Marine x2  
  64  10:45  Marine x3  
  67  10:56  Medivac x2  
  71  11:03  Marine  
  72  11:20  Terran Vehicle And Ship Armor Level 1  
  72  11:24  Marine  
  72  11:25  Marine x2  
  72  11:26  Battlecruiser x2  
  78  11:42  Marine x2  
  78  11:43  Marine  
  81  11:53  SCV  
  82  11:59  Thor  
  82  12:00  Marine x3  
  91  12:03  Terran Infantry Armor Level 2  
  91  12:05  SCV  
  92  12:17  SCV  
  92  12:18  Marine x3  
  96  12:29  SCV  
  97  12:36  Marine x3  
  100  12:41  SCV  
  101  12:54  Marine x2, Thor  
  101  12:56  Marine  
  101  12:57  Battlecruiser  
  116  13:12  Marine  
  117  13:14  Terran Ship Weapons Level 1  
  117  13:25  Marine  
  117  13:26  Marine  
  117  13:29  Battlecruiser  
  117  13:30  Marine  
  96  13:43  Marine x2  
  96  13:48  Marine  
  92  13:50  Thor  
  98  14:01  Battlecruiser, Marine x2  
  106  14:06  Marine  
  99  14:19  Marine x2  
  99  14:23  Marine  
  102  14:33  Thor  
  102  14:37  Marine x2  
  116  14:40  Refinery  
  116  14:41  Marine  
  116  14:45  Refinery  
  117  14:54  Marine  
  117  14:55  Marine  
  117  14:59  Marine  
Show
View Real Time Build Order
Export as new Build Order

MrFercho Zerg - Winner!

Build Orders: Pool First, Muta Ling Bane 

Get SALT Encoding   

  12  0:01  Drone  
  13  0:17  Overlord  
  13  0:18  Drone  
  14  0:36  Drone x2  
  16  0:47  Drone  
  17  0:51  Spawning Pool, Drone  
  17  0:58  Extractor  
  16  1:05  Drone  
  17  1:11  Drone  
  18  1:23  Drone  
  19  1:35  Drone  
  19  1:37  Hatchery  
  19  1:44  Overlord  
  19  1:52  Queen  
  21  1:59  Drone  
  22  2:15  Zergling x2  
  23  2:16  Metabolic Boost  
  23  2:19  Drone  
  24  2:34  Hatchery  
  24  2:36  Overlord  
  23  2:45  Evolution Chamber, Drone  
  23  2:52  Zergling x2  
  23  2:53  Zergling x2  
  25  3:04  Lair  
  25  3:08  Drone  
  25  3:10  Drone  
  25  3:12  Drone  
  28  3:15  Drone  
  28  3:18  Drone  
  30  3:21  Extractor  
  30  3:26  Zerg Melee Weapons Level 1  
  29  3:30  Zergling x2  
  29  3:32  Zergling x2  
  31  3:35  Zergling x2  
  32  3:45  Drone x3  
  35  3:53  Zergling x2  
  36  3:58  Drone x4  
  40  4:10  Drone x2  
  42  4:22  Drone x3  
  45  4:27  Extractor  
  45  4:30  Extractor  
  43  4:31  Spore Crawler  
  42  4:47  Spore Crawler  
  42  4:48  Drone x5  
  46  4:59  Spire  
  45  5:02  Queen  
  45  5:05  Drone  
  45  5:06  Drone x2  
  43  5:32  Zergling x12  
  49  5:49  Zerg Melee Weapons Level 2  
  49  5:52  Overlord x2  
  49  5:53  Overlord x2  
  49  5:59  Drone  
  49  6:01  Hatchery  
  49  6:04  Zergling x2  
  50  6:10  Queen  
  50  6:11  Zergling x4  
  52  6:37  Mutalisk x6  
  60  6:52  Drone x2  
  62  6:57  Mutalisk x2  
  62  7:00  Zergling x2  
  62  7:01  Zergling x6  
  70  7:13  Zergling x2  
  70  7:14  Zergling x6  
  74  7:22  Zerg Flyer Weapons Level 1  
  74  7:26  Drone x2  
  76  7:34  Infestation Pit  
  75  7:38  Drone x10, Baneling Nest  
  84  7:55  Hatchery  
  84  7:57  Mutalisk x2  
  87  7:59  Overlord  
  87  8:00  Overlord x3  
  87  8:01  Overlord  
  62  9:05  Mutalisk x9  
  78  9:14  Zerg Ground Armor Level 1  
  78  9:25  Drone x7  
  85  9:33  Hive  
  85  9:40  Zergling x14  
  85  9:42  Centrifical Hooks  
  92  9:48  Zergling x14  
  99  9:59  Overlord  
  99  10:00  Overlord x3  
  99  10:05  Extractor  
  99  10:06  Drone x2  
  99  10:07  Drone x3, Extractor  
  102  10:23  Zergling x18  
  102  10:26  Baneling x7  
  102  10:27  Baneling x14  
  111  10:41  Drone x5  
  116  10:48  Evolution Chamber  
  115  10:50  Zergling x6  
  115  10:51  Zergling x20  
  128  11:06  Overseer  
  95  11:37  Zergling x2  
  95  11:38  Zergling x38  
  98  11:58  Zerg Melee Weapons Level 3, Zerg Ground Armor Level 2  
  94  12:07  Hydralisk Den  
  93  12:08  Zerg Flyer Weapons Level 2  
  93  12:16  Spire  
  92  12:51  Mutalisk x3  
  92  12:52  Mutalisk x9  
  92  12:56  Hatchery  
  92  12:57  Zergling x36  
  92  12:58  Zergling x12  
  139  13:03  Adrenal Glands  
  137  13:26  Baneling x2  
  137  13:27  Baneling x14  
  137  13:28  Baneling  
  137  13:38  Extractor  
  136  13:46  Extractor  
  124  14:14  Zergling x28  
  124  14:15  Zergling x30  
  152  14:27  Corruptor  
  152  14:29  Overlord  
  152  14:30  Overlord x4  
  154  14:48  Spore Crawler  
  154  14:50  Spore Crawler  
  152  14:54  Spore Crawler  
Show
View Real Time Build Order
Export as new Build Order

bjerb Protoss 

Build Orders: Phoenix Opening, Blink Stalkers, Zealot Archon 

Get SALT Encoding   

  12  0:03  Probe  
  13  0:15  Probe  
  13  0:19  Pylon  
  14  0:34  Probe  
  14  0:42  Probe  
  15  0:45  Gateway  
  15  0:48  Assimilator  
  16  0:52  Probe  
  17  1:02  Probe  
  17  1:08  Pylon  
  17  1:10  Probe  
  19  1:20  Probe  
  20  1:32  Probe  
  21  1:33  Cybernetics Core  
  21  1:44  Probe  
  21  1:46  Assimilator  
  22  1:56  Probe  
  22  1:59  Nexus  
  23  2:10  Stalker, Warp Gate  
  23  2:18  Probe  
  26  2:25  Twilight Council  
  26  2:30  Probe  
  26  2:33  Pylon  
  27  2:42  Probe  
  27  2:43  Sentry  
  30  2:46  Blink  
  30  2:55  Probe  
  31  3:07  Probe  
  32  3:15  Pylon  
  32  3:17  Probe, Assimilator  
  32  3:19  Probe  
  34  3:29  Probe, Pylon, Phoenix  
  34  3:31  Probe  
  36  3:41  Probe  
  37  3:43  Probe  
  37  3:47  Gateway  
  38  3:51  Gateway  
  38  3:53  Gateway  
  38  4:00  Robotics Facility  
  38  4:08  Probe x2  
  38  4:09  Forge  
  40  4:16  Stalker  
  42  4:20  Probe x2  
  42  4:22  Protoss Ground Weapons Level 1  
  44  4:38  Probe x2  
  46  4:46  Pylon  
  46  4:47  Pylon  
  46  4:53  Zealot x4, Photon Cannon  
  46  4:59  Charge  
  54  5:08  Templar Archives  
  54  5:09  Probe  
  54  5:10  Probe  
  54  5:12  Photon Cannon  
  53  5:21  Probe  
  51  5:30  Probe  
  52  5:38  Probe  
  52  5:41  Observer  
  54  5:43  Probe  
  54  5:44  Assimilator  
  54  5:48  Probe  
  55  5:55  Probe  
  57  5:57  Psionic Storm  
  57  6:01  Nexus, High Templar x2  
  57  6:04  Pylon  
  61  6:07  Probe  
  61  6:11  Immortal  
  66  6:14  Archon  
  66  6:21  Photon Cannon  
  66  6:22  Pylon  
  66  6:29  Assimilator  
  66  6:36  Protoss Ground Weapons Level 2  
  66  6:41  Probe  
  66  6:44  Probe  
  68  6:51  Gateway x2  
  68  6:54  Probe, Gateway  
  69  6:56  Probe  
  69  6:57  Pylon  
  70  7:06  Probe  
  75  7:08  Probe, Immortal  
  75  7:10  High Templar  
  75  7:11  High Templar  
  75  7:15  Archon  
  80  7:18  Probe  
  81  7:26  Probe x2  
  83  7:30  Probe, Photon Cannon  
  83  7:32  Pylon  
  84  7:38  Probe  
  84  7:39  Probe, Assimilator  
  86  7:50  High Templar x3  
  90  7:59  Archon  
  90  8:02  High Templar  
  90  8:03  Zealot x3  
  98  8:06  Archon  
  98  8:20  Probe  
  98  8:21  Probe x2  
  98  8:24  Stalker x6  
  113  8:33  Probe  
  114  8:37  Nexus  
  114  8:39  Pylon  
  114  8:52  Protoss Ground Weapons Level 3  
  114  8:55  Probe x3  
  117  8:56  Stalker  
  117  8:57  Stalker x5  
  129  9:07  Probe x3  
  132  9:15  Protoss Air Weapons Level 1  
  132  9:16  Forge  
  132  9:25  Probe x3  
  132  9:26  Stargate x2  
  132  9:30  High Templar  
  137  9:31  High Templar  
  137  9:34  Zealot  
  141  9:42  Pylon  
  141  9:47  Pylon  
  141  9:49  Probe x3  
  144  10:01  Probe x2, High Templar x3  
  144  10:02  Pylon  
  144  10:03  Zealot x3  
  158  10:07  Probe x2  
  158  10:09  Pylon  
  158  10:10  Assimilator  
  158  10:11  Assimilator  
  158  10:13  Probe x2  
  160  10:16  Photon Cannon  
  160  10:17  Pylon  
  160  10:18  Photon Cannon  
  156  10:46  Protoss Shields Level 1  
  156  10:49  Immortal  
  160  11:07  Photon Cannon  
  160  11:10  Photon Cannon  
  160  11:11  Robotics Facility  
  160  11:12  Robotics Facility  
  160  11:15  Gateway x2  
  160  11:18  Nexus  
  160  11:19  Pylon  
  160  11:20  Protoss Air Armor Level 1  
  160  11:21  Pylon  
  135  11:38  Zealot  
  135  11:39  Zealot x6  
  137  11:44  Immortal  
  133  11:51  Protoss Ground Armor Level 1  
  119  12:02  Void Ray x2  
  119  12:05  Zealot x2  
  97  12:23  Immortal  
  97  12:25  Zealot x7  
  97  12:26  Zealot  
  115  12:34  Void Ray  
  99  12:54  High Templar x4  
  99  12:55  High Templar x3  
  99  12:58  Archon x2  
  108  12:59  Archon  
  61  13:38  Stalker x2  
  61  13:39  Stalker x5  
Show
View Real Time Build Order
Export as new Build Order

prknje Protoss 

Build Orders:  

Get SALT Encoding   

  12  0:50  Probe  
  13  1:02  Probe, Pylon  
  14  1:13  Pylon  
  14  1:14  Probe  
  15  1:35  Probe  
  15  1:38  Nexus  
  17  1:47  Probe  
  17  1:48  Assimilator  
  17  1:56  Assimilator  
  17  2:04  Pylon  
  17  2:15  Pylon  
  17  2:52  Pylon  
  17  2:59  Pylon  
  17  3:03  Pylon  
  17  3:06  Pylon  
  17  3:10  Pylon  
  17  3:13  Pylon  
  17  3:15  Pylon  
  17  3:19  Pylon  
  17  3:26  Pylon  
  17  3:35  Pylon  
  17  3:46  Nexus  
  17  3:47  Probe  
  18  3:51  Probe  
  19  3:59  Probe  
  20  4:03  Probe  
  21  4:12  Probe  
  21  4:15  Probe  
  23  4:20  Assimilator  
  23  4:24  Probe  
  24  4:27  Probe  
  25  4:36  Probe  
  25  4:38  Gateway  
  26  4:39  Probe  
  26  4:44  Gateway  
  27  4:47  Gateway  
  27  4:51  Probe  
  28  5:31  Probe  
  28  5:34  Probe  
  30  5:41  Pylon  
  30  5:43  Pylon  
  30  5:46  Probe  
  30  5:49  Pylon  
  31  5:53  Pylon  
  31  5:57  Pylon  
  31  5:58  Probe  
  32  6:10  Probe  
  33  6:22  Probe, Nexus  
  33  6:23  Zealot  
  36  6:37  Forge  
  36  6:45  Pylon  
  36  6:50  Zealot  
  38  7:02  Probe  
  39  7:10  Cybernetics Core  
  39  7:12  Protoss Ground Weapons Level 1  
  39  7:14  Probe  
  40  7:17  Zealot  
  42  7:23  Assimilator  
  42  7:26  Probe  
  43  7:39  Gateway  
  43  7:48  Pylon  
  43  8:02  Probe  
  44  8:09  Gateway  
  44  8:11  Stalker  
  44  8:12  Stalker  
  48  8:14  Probe, Stalker  
  48  8:18  Warp Gate  
  51  8:22  Gateway  
  51  8:26  Probe  
  52  8:31  Pylon  
  52  8:38  Probe, Pylon  
  52  8:41  Stalker  
  55  8:42  Stalker  
  55  8:44  Stalker  
  59  8:50  Probe  
  58  8:58  Probe  
  59  9:10  Probe, Stalker  
  59  9:11  Stalker  
  59  9:12  Stalker  
  59  9:13  Stalker  
  59  9:14  Stalker  
  59  9:16  Stalker  
  72  9:20  Protoss Ground Armor Level 1  
  72  9:23  Probe  
  73  9:40  Stalker, Pylon  
  73  9:41  Stalker  
  73  9:42  Stalker  
  73  9:43  Stalker  
  73  9:44  Stalker  
  83  9:46  Stalker, Gateway  
  83  9:52  Probe  
  86  10:04  Probe  
  87  10:10  Stalker  
  87  10:11  Stalker  
  87  10:14  Stalker  
  93  10:16  Probe, Stalker  
  93  10:17  Nexus  
  93  10:18  Gateway  
  96  10:28  Probe  
  97  10:37  Assimilator  
  97  10:40  Probe, Stalker x2  
  102  10:44  Stalker  
  102  10:46  Stalker  
  106  10:51  Stalker  
  106  10:54  Stalker  
  106  10:56  Stalker  
  112  11:09  Stalker  
  90  11:12  Gateway  
  90  11:14  Stalker  
  90  11:16  Stalker x2  
  76  11:20  Stalker  
  78  11:29  Protoss Shields Level 1  
  78  11:39  Stalker  
  80  11:42  Stalker  
  80  11:44  Stalker x2  
  86  11:50  Probe  
  69  11:56  Stalker  
  67  12:02  Probe, Stalker  
  67  12:05  Stalker  
  67  12:07  Stalker  
  74  12:09  Stalker  
  74  12:14  Stalker  
  78  12:31  Stalker  
  78  12:33  Stalker  
  78  12:36  Stalker  
  70  12:37  Stalker  
  70  12:39  Stalker x2  
  70  12:40  Stalker  
  70  12:42  Stalker  
  60  12:58  Stalker  
  60  13:00  Stalker  
  60  13:01  Stalker  
  60  13:02  Stalker  
  50  13:06  Stalker  
  50  13:07  Stalker  
  50  13:09  Stalker x2  
  58  13:13  Stalker  
  60  13:31  Stalker  
  60  13:34  Stalker  
  60  13:35  Stalker  
  60  13:37  Stalker  
  60  13:39  Stalker x2  
  60  13:40  Stalker  
  60  13:41  Stalker  
  41  13:56  Stalker  
  41  13:57  Stalker  
  41  13:59  Stalker  
  41  14:00  Stalker  
  41  14:01  Stalker  
  47  14:05  Stalker x2  
  47  14:06  Stalker  
  37  14:24  Stalker  
  37  14:30  Stalker  
  37  14:32  Stalker  
  37  14:33  Stalker  
  37  14:35  Stalker  
  37  14:36  Stalker  
  45  14:39  Stalker  
  41  14:53  Stalker  
  41  14:58  Stalker  
  36  15:05  Stalker  
Show
View Real Time Build Order
Export as new Build Order

Kerrze Terran 

Build Orders:  

Get SALT Encoding   

  12  0:04  SCV  
  13  0:16  SCV  
  14  0:29  SCV  
  14  0:33  Supply Depot  
  15  0:55  SCV  
  15  0:56  Supply Depot  
  16  1:07  SCV  
  16  1:10  Refinery  
  17  1:19  SCV  
  18  1:31  SCV  
  19  1:43  SCV, Refinery  
  20  1:58  Supply Depot  
  20  2:31  Command Center  
  20  2:40  Barracks  
  20  2:50  SCV  
  21  3:02  SCV  
  22  3:15  SCV  
  24  3:27  SCV  
  24  3:39  SCV  
  25  3:49  SCV  
  26  4:01  SCV  
  27  4:05  Barracks  
  27  4:13  SCV  
  28  4:25  SCV  
  28  4:26  SCV  
  30  4:37  SCV  
  31  4:49  SCV  
  32  5:02  SCV  
  32  5:04  Engineering Bay  
  33  5:14  SCV  
  34  5:21  Factory  
  34  5:24  Marine  
  34  5:26  SCV  
  36  5:33  Reaper  
  37  5:38  SCV  
  37  5:42  Marine  
  39  5:50  SCV  
  40  6:00  Marine  
  40  6:01  SCV  
  40  6:02  SCV  
  43  6:05  Reaper  
  44  6:13  SCV  
  44  6:14  SCV  
  44  6:18  Marine  
  47  6:19  Starport  
  47  6:26  SCV  
  48  6:35  Marine  
  48  6:37  Reaper  
  48  6:38  Ghost Academy  
  50  6:41  Hellion  
  52  6:58  Marine  
  53  7:09  Reaper  
  54  7:20  Supply Depot  
  54  7:41  SCV, Hellion, Marine  
  54  7:42  Reaper  
  59  7:45  Supply Depot  
  59  7:51  Supply Depot  
  59  7:53  SCV  
  59  7:55  Supply Depot  
  60  7:59  Marine  
  60  8:02  Supply Depot  
  61  8:05  SCV, Supply Depot  
  61  8:06  Hellion  
  64  8:14  Reaper  
  64  8:16  Marine  
  64  8:17  SCV  
  64  8:19  Armory  
  67  8:22  Personal Cloaking  
  67  8:28  Hellion  
  67  8:30  SCV, Liberator  
  73  8:34  Marine  
  75  8:49  Widow Mine  
  75  8:52  Marine  
  78  8:59  Barracks Tech Lab  
  77  9:10  Marine  
  77  9:11  Hellion  
  77  9:13  Medivac  
  82  9:28  Marine, Fusion Core  
  83  9:31  Refinery  
  83  9:32  Hellion  
  85  9:39  Refinery  
  85  9:43  Medivac  
  87  9:46  Marine  
  87  9:47  Enhanced Shockwaves  
  88  9:56  Ghost  
  90  10:00  Missile Turret  
  91  10:13  Medivac  
  93  10:24  Ghost  
  94  10:39  Barracks Reactor  
  94  10:43  Medivac  
  96  10:53  Ghost  
  98  11:05  Bunker  
  98  11:21  Viking, Ghost  
  98  11:24  Barracks  
  102  11:47  Supply Depot  
  102  12:08  Ghost  
  102  12:09  Viking, Hellbat, Marine x2  
  110  12:27  Supply Depot  
  110  12:32  Supply Depot  
  110  12:40  Supply Depot  
  110  12:48  Ghost  
  110  12:49  Viking, Hellbat, Marine x2  
  118  13:06  Marine x2  
  118  13:11  Hellbat  
  122  13:17  Ghost  
  122  13:19  Viking  
  126  13:24  Marine x2  
  126  13:32  Hellbat  
  126  13:42  Reaper x2  
  126  13:45  Ghost  
  116  13:49  Viking  
  116  13:53  Hellbat  
  64  14:14  Ghost  
  59  14:18  Liberator  
  56  14:42  Ghost  
Tags
 
Add a new tag
Caveats
  • Supply blocks, unpowered buildings, or Contaminate may cause inaccurate times.
  • Supply counts are checked every 10 seconds.